 Dungeon Crawl Stone Soup version 0.32-a0-768-g0f6f1dd4b9 (webtiles) character file.

Game seed: 11334602276441108174

1400 Alarak the Cleaver (level 8, -1/70 HPs)
             Began as a Mountain Dwarf Fighter on Mar 19, 2024.
             Was a Follower of Yredelemnul.
             Slain by a sky beast (6 damage)
             ... on level 6 of the Dungeon.
             The game lasted 00:09:02 (4768 turns).

Alarak the Cleaver (Mountain Dwarf Fighter)         Turns: 4768, Time: 00:09:03

Health: -1/70      AC:  9    Str: 21    XL:     8   Next: 41%
Magic:  8/8        EV:  8    Int:  9    God:    Yredelemnul [*.....]
Gold:   363        SH:  9    Dex:  9    Spells: 7/7 levels left

rFire   . . .        a - +1 war axe (freeze)
rCold   . . .        c - +0 buckler
rNeg    . . .        g - +0 scale mail {rPois}
rPois   +            (no helmet)
rElec   .            i - +0 cloak
rCorr   .            k - +0 pair of gloves
SInv    .            (no boots)
Will    .....        e - amulet of reflection Stlth
                     h - ring of flight
HPRegen 0.31/turn    (no ring)
MPRegen 0.11/turn

%: reflection
@: flying, wreathed by umbra
A: runic magic, artefact enchanting
a: Renounce Religion, Light the Black Torch, Recall Undead Harvest


You were on level 6 of the Dungeon.
You worshipped Yredelemnul.
Yredelemnul was noncommittal.
You visited 2 branches of the dungeon, and saw 7 of its levels.

You collected 363 gold pieces.

Inventory:

Hand Weapons
 a - a +1 war axe of freezing (weapon)
 b - a +0 morningstar
Armour
 c - a +0 buckler (worn)
 g - a +0 scale mail of poison resistance (worn)
 i - a +0 cloak (worn)
 k - a +0 pair of gloves (worn)
Jewellery
 e - an amulet of reflection (around neck)
 h - a ring of flight (left hand)
 u - a ring of resist corrosion
Wands
 m - a wand of roots (14)
 o - a wand of mindburst (8)
 q - a wand of charming (10)
 y - a wand of flame (26)
Scrolls
 l - 2 scrolls of immolation
 s - a scroll of teleportation {unknown}
 x - 2 scrolls of enchant weapon
Potions
 d - a potion of mutation
 f - a potion of enlightenment {unknown}
 j - 2 potions of lignification {unknown}
 n - 2 potions of resistance {unknown}
 p - 2 potions of attraction {unknown}
 r - 3 potions of degeneration {unknown}
 t - a potion of cancellation {unknown}
 v - 2 potions of invisibility {unknown}
 w - 2 potions of curing {unknown}


   Skills:
 - Level 6.0 Fighting
 - Level 10.0 Axes
 - Level 3.2 Armour
 + Level 6.0 Shields


You had 7 spell levels left.
You didn't know any spells.
Your spell library contained the following spells:

 Spells                   Type           Power      Damage    Failure   Level
 Freeze                   Ice            0%         1d3       52%         1
 Static Discharge         Conj/Air       0%         3-3/arc   67%         2
 Frozen Ramparts          Ice            0%         1d1       88%         3
 Hailstorm                Conj/Ice       0%         3d5       88%         3
 Airstrike                Air            0%         2d(0-16)  99%         4
 Passage of Golubria      Tloc           0%         N/A       99%         4
 Summon Lightning Spire   Summ/Air       0%         N/A       99%         4
 Silence                  Hex/Air        0%         N/A       100%        5
 Lehudib's Crystal Spear  Conj/Erth      0%         10d2      100%        8


Dungeon Overview and Level Annotations

Branches:
Dungeon (6/15)             Temple (1/1) D:4

Altars:
Cheibriados
Dithmenos
Elyvilon
Fedhas
Gozag
Kikubaaqudgha
Makhleb
Okawaru
Qazlal
Ru
Sif Muna
Trog
Uskayaw
Wu Jian
Xom
Yredelemnul
Zin
The Shining One


Innate Abilities, Weirdness & Mutations

Your spellcasting is much less encumbered by armour.
You can use scrolls of enchantment on lesser artefacts.


Message History

No target in view!
No target in view!
No target in view!
No target in view!
No target in view!
No target in view!
No target in view!
No target in view!
No target in view!
No target in view!
No target in view!
No target in view!
No target in view!
No target in view!
No target in view!
No target in view!
You closely miss something. Something hits you. Something shocks you.
You closely miss something. Something hits you but does no damage.
You slash something! You freeze something. You block something's attack.
You closely miss something. Something hits you but does no damage.
You barely miss something. Something hits you. Something shocks you.
You hit something but do no damage. You block something's attack.
You miss something. You block something's attack.
You closely miss something.
Something hits you but does no damage. x2
You hit something. You freeze something. Something hits you.
Something shocks you.
* * * LOW HITPOINT WARNING * * *
You hit something. You freeze something. Something hits you.
* * * LOW HITPOINT WARNING * * *
Something shocks you.
* * * LOW HITPOINT WARNING * * *
You miss something. Something hits you.
* * * LOW HITPOINT WARNING * * *
Something shocks you.
* * * LOW HITPOINT WARNING * * *
You miss something. Something hits you.
* * * LOW HITPOINT WARNING * * *
Something shocks you.
You die...
Your body rises from the dead as a mindless zombie.

#.# #....# #########..##
#.# #....### #.#......♣'♣♣
#.#
#####....'.####.#.#####♣...
#.# #........##.....# ♣.##
#.# #........'......#
##♣... #Z#
#.......)##.##### #.'.._
#.#####.........#.# #.♣...
#.................#.#
#.♣.##
##...........##Z@Z..#
###'♣...
#.####.####.##.{...#
#...♣'♣♣ #.# #.# ...'.....#
#.....## #.# #.#
#..##....## #..)..'. #.#
#.# #. #..... #.....## #.#
#.... #....## #...)..# #..
###. #....# #....... #....#
#..))..# #######)###


You could see a friendly scorpion zombie and the friendly Jeremiah the barachi
zombie.

Vanquished Creatures
  Jeremiah (D:6)
  A water moccasin (D:6)
  An ogre (D:4)
  2 phantoms
  Blork the orc (D:6)
  2 scorpions
  2 bombardier beetles (D:5)
  A hound (D:4)
  An iguana (D:4)
  2 sleepcaps
  Ijyb (D:4)
  Terence (D:3)
  2 orc wizards (D:6)
  8 adders
  3 dart slugs
  4 ribbon worms (D:2)
  8 orcs
  5 bats
  An endoplasm (D:1)
  2 giant cockroaches
  8 goblins
  3 hobgoblins
  4 jackals (D:1)
  2 quokkas
  6 frilled lizards
  6 kobolds
  5 rats
83 creatures vanquished.

Vanquished Creatures (collateral kills)
  An ice beast (D:5)
  A bombardier beetle (D:5)
  2 orcs (D:6)
4 creatures vanquished.

Vanquished Creatures (others)
  A water moccasin zombie (D:6)
  A bombardier beetle (D:6)
  An adder zombie (D:4)
  An orc zombie (D:6)
4 creatures vanquished.

Grand Total: 91 creatures vanquished

Notes
Turn   | Place    | Note
-------+----------+-------------------------------------------
     0 | D:1      | Alarak the Mountain Dwarf Fighter began the quest for the
                  | Orb.
     0 | D:1      | Reached XP level 1. HP: 19/19 MP: 1/1
   223 | D:1      | Reached XP level 2. HP: 13/27 MP: 2/2
   289 | D:1      | You fall into a shaft and drop 1 floor!
   582 | D:1      | Found a faded altar of an unknown god.
   895 | D:2      | Reached XP level 3. HP: 32/34 MP: 3/3
   988 | D:2      | Reached skill level 5 in Fighting
  1160 | D:2      | Reached XP level 4. HP: 37/42 MP: 4/4
  1192 | D:2      | Found an ancient bone altar of Kikubaaqudgha.
  1330 | D:3      | Noticed Terence
  1338 | D:3      | Killed Terence
  2014 | D:4      | Reached skill level 3 in Axes
  2014 | D:4      | Reached XP level 5. HP: 36/50 MP: 5/5
  2087 | D:4      | Found an ornate altar of the Wu Jian Council.
  2107 | D:4      | Found a staircase to the Ecumenical Temple.
  2117 | D:4      | Reached skill level 4 in Axes
  2119 | D:4      | Reached skill level 5 in Axes
  2211 | Temple   | Entered the Ecumenical Temple
  2226 | Temple   | Became a worshipper of Yredelemnul the Fallen
  2328 | D:4      | Reached XP level 6. HP: 53/57 MP: 6/6
  2563 | D:4      | Reached skill level 6 in Axes
  2702 | D:4      | Noticed Ijyb
  2711 | D:4      | Killed Ijyb
  2714 | D:4      | Reached skill level 7 in Axes
  3149 | D:5      | Entered Level 5 of the Dungeon
  3483 | D:5      | Reached XP level 7. HP: 56/63 MP: 7/7
  3483 | D:5      | Found an iron altar of Okawaru.
  3592 | D:5      | Found a burning altar of Makhleb.
  3714 | D:5      | Reached skill level 8 in Axes
  4023 | D:6      | Noticed Blork the orc
  4036 | D:6      | Killed Blork the orc
  4037 | D:6      | Reached skill level 9 in Axes
  4100 | D:6      | Reached * piety under Yredelemnul
  4270 | D:6      | Reached XP level 8. HP: 60/70 MP: 8/8
  4300 | D:6      | Reached skill level 10 in Axes
  4497 | D:6      | Found a bloodstained altar of Trog.
  4662 | D:6      | Noticed Jeremiah
  4677 | D:6      | Your ally Blork died
  4699 | D:6      | Killed Jeremiah
  4768 | D:6      | Slain by a sky beast

Illustrated notes

Levels and vault maps discovered:
D:1:      saegor_arrival_miasma, layout_basic, ebering_ecumenical_altar_hall
D:2:      layout_rooms, basic_altar
D:3:      layout_basic, uniq_terence
D:4:      layout_layer_cave, mainiacjoe_overflow_chevrons,
          minmay_temple_entry_statues_pillars, uniq_ijyb
D:5:      layout_basic, jmf_multi_god_temple, enter_ossuary_5
D:6:      layout_basic, mainiacjoe_overflow_six_doors_small,
          nicolae_wooded_promenade, lightli_orcish_oven, uniq_blork_the_orc,
          uniq_jeremiah
Temple:   compressed_dpeg_circular_temple

Skill      XL: |  1  2  3  4  5  6  7  8 |
---------------+-------------------------+-----
Fighting       | 4 5 6 |  6.0
Axes           | 3 5 7 9 10 | 10.0
Shields        | 6 |  6.0
Armour         | |  3.2

Action                     |  1- 3 |  4- 6 |  7- 9 || total
---------------------------+-------+-------+-------++-------
  Melee: War axe           |    96 |    99 |   117 ||   312
 Invoke: Light the Black T |       |     2 |     1 ||     3
         Recall Undead Har |       |       |     1 ||     1
    Use: Scroll            |     1 |     6 |     1 ||     8
         Potion            |     2 |       |       ||     2
 Armour: Scale mail        |    84 |    64 |    64 ||   212
  Dodge: Dodged            |    40 |    30 |    21 ||    91
  Block: Buckler           |    32 |    48 |    33 ||   113
         Reflection        |     1 |       |     2 ||     3

Table legend: (Time is in decaauts)
 A = Elapsed time spent in this place.
 B = Non-inter-level travel time spent in this place.
 C = Inter-level travel time spent in this place.
 D = Time resting spent in this place.
 E = Time spent auto-exploring this place.
 F = Levels seen in this place.
 G = Mean time per level.
                   A        B        C        D        E       F      G
               +--------+--------+--------+--------+--------+-----+--------+
         Total |   4845 |   4653 |    192 |     51 |   3792 |   7 |  692.1 |
       Dungeon |   4814 |   4651 |    163 |     51 |   3792 |   6 |  802.3 |
        Temple |     30 |      1 |     29 |      0 |      0 |   1 |   30.0 |
               +--------+--------+--------+--------+--------+-----+--------+

Top non-repeatable levels by time:
     D:4: 1311 daAuts
     D:5: 865 daAuts
     D:1: 842 daAuts
     D:6: 763 daAuts
     D:3: 517 daAuts
     D:2: 514 daAuts
  Temple: 30 daAuts
